 Dungeon Crawl Stone Soup version 0.27.1-1-g398f81649c (webtiles) character file.

Game seed: 17235375722579562102

1167 Crownlay the Cleaver (level 8, -8/64 HPs)
             Began as a Hill Orc Fighter on Sept 8, 2021.
             Succumbed to poison (dark miasma)
             ... on level 6 of the Dungeon.
             The game lasted 00:11:13 (5213 turns).

Crownlay the Cleaver (Hill Orc Fighter)             Turns: 5213, Time: 00:11:13

Health: -8/64      AC: 12    Str: 21    XL:     8   Next: 40%
Magic:  8/8        EV:  9    Int: 14    God:
Gold:   178        SH:  0    Dex: 10    Spells: 7/7 levels left

rFire    . . .     SeeInvis .   a - +0 war axe
rCold    . . .     Faith    .   (no shield)
rNeg     . . .     Spirit   .   b - +0 scale mail
rPois    .         Reflect  .   (no helmet)
rElec    .         Harm     .   (no cloak)
rCorr    .         Rampage  .   o - +0 pair of gloves
Will     .....                  (no boots)
Stlth    ..........             m - amulet of the acrobat
HPRegen  0.20/turn              n - +4 ring of protection
MPRegen  0.11/turn              r - +6 ring of intelligence

@: confused, lethally poisoned (-8 -> -76), slowed, very slow
A: no striking features
a: no special abilities


You were on level 6 of the Dungeon.
You visited 2 branches of the dungeon, and saw 7 of its levels.

You collected 233 gold pieces.
You spent 55 gold pieces at shops.

Inventory:

Hand Weapons
 a - a +0 war axe (weapon)
Missiles
 g - 2 atropa-tipped darts (quivered)
Armour
 b - a +0 scale mail (worn)
 c - a +0 kite shield
 o - a +0 pair of gloves (worn)
Jewellery
 m - an amulet of the acrobat (around neck)
 n - a +4 ring of protection (left hand)
 r - a +6 ring of intelligence (right hand)
 w - an amulet of faith
Scrolls
 e - a scroll of amnesia
 f - a scroll of enchant armour
 h - 4 scrolls of enchant weapon
 i - 2 scrolls of noise {unknown}
 j - 3 scrolls of teleportation
 q - a scroll of fog {unknown}
 v - a scroll of blinking {unknown}
Potions
 d - a potion of might
 k - a potion of ambrosia {unknown}
 l - a potion of flight {unknown}
 p - 4 potions of degeneration {unknown}
 s - a potion of resistance {unknown}
 t - 2 potions of heal wounds {unknown}
 u - a potion of curing {unknown}


   Skills:
 - Level 3.6 Fighting
 * Level 12.5 Axes
 - Level 3.2 Armour
 - Level 3.2 Shields


You had 7 spell levels left.
You didn't know any spells.
Your spell library contained the following spells:

 Spells                   Type           Power      Damage    Failure   Level
 Magic Dart               Conj           0%         1d3       61%         1
 Call Imp                 Summ           0%         N/A       75%         2
 Mephitic Cloud           Conj/Pois/Air  0%         N/A       93%         3
 Ozocubu's Armour         Ice            0%         N/A       93%         3
 Tukima's Dance           Hex            0%         N/A       93%         3
 Passage of Golubria      Tloc           N/A        N/A       100%        4
 Yara's Violent Unravell  Hex/Tmut       0%         3d3       100%        5
 Ozocubu's Refrigeration  Ice            0%         4d5       100%        7


Dungeon Overview and Level Annotations

Branches:
Dungeon (6/15)             Temple (1/1) D:4

Altars:
Dithmenos
Gozag
Hepliaklqana
Kikubaaqudgha
Makhleb
Nemelex Xobeh
Qazlal
Ru
Trog
Uskayaw
Vehumet
Xom
Yredelemnul
Zin
The Shining One

Shops:
D:2 !*?!


Message History

You are too confused!
You are too confused!
You are too confused!
You miss something. Something hits you but does no damage.
Something hits you but does no damage.
Things that are here:
a +0 short sword; a +0 scale mail Something misses you.
Found a scroll labelled EDOISE ICACUU.
You hear some strange, mumbled words.
You are more confused.
You hear some strange, mumbled words.
A magic dart appears from out of thin air!
The magic dart hits you.
You hear some strange, mumbled words.
You are more confused.
Things that are here:
a +0 short sword; a +0 scale mail You miss something.
Something hits you but does no damage.
There is an ancient bone altar of Kikubaaqudgha here.
You hear some strange, mumbled words.
A puff of flame appears from out of thin air!
The puff of flame hits you!
Things that are here:
a +0 short sword; a +0 scale mail You are engulfed in dark miasma.
You are poisoned.
You feel very sick.
You hear some strange, mumbled words.
You are more confused.
Things that are here:
a +0 hand axe; a +0 chain mail; an orc skeleton You bump into the stone wall.
You are engulfed in dark miasma.
You are lethally poisoned!
You feel yourself slow down.
* * * LOW HITPOINT WARNING * * *
You feel extremely sick.
You're too confused to move!
You are engulfed in dark miasma.
You are more poisoned.
* * * LOW HITPOINT WARNING * * *
You die...

....#####
#.#.#.# .......#
#<#.#.. .......#
#.#.### .......#
#.#
.......#####.###
.......##......#
.....^.##+##...#
###.### .
#☼...@#
....#...).###
......._....#
(...#.....#.#
....#§...☼#.#
### ###.###.#
#..# .# #..+# .#
.... .#


There were no monsters in sight!

Vanquished Creatures
  2 black bears
  An ogre (D:5)
  2 phantoms
  Blork the orc (D:5)
  A wyvern zombie (D:5)
  A water moccasin skeleton (D:5)
  2 wights (D:5)
  2 centaur zombies (D:5)
  A hound (D:5)
  An orc priest (D:5)
  A human zombie (D:5)
  An iguana (D:6)
  3 orc wizards
  2 hound zombies (D:5)
  4 mummies (D:5)
  A howler monkey zombie (D:5)
  A howler monkey skeleton (D:4)
  A gnoll (D:1)
  An adder (D:5)
  A shadow imp (D:4)
  A white imp (D:5)
  2 ufetubi (D:5)
  A worm (D:3)
  4 dart slugs
  9 orcs
  11 ball pythons
  3 endoplasms
  5 giant cockroaches
  8 goblins
  5 hobgoblins
  2 jackals (D:5)
  5 quokkas
  4 bats
  3 frilled lizards
  2 kobolds
  4 rats
99 creatures vanquished.

Vanquished Creatures (others)
  An orc (D:6)
1 creature vanquished.

Grand Total: 100 creatures vanquished

Notes
Turn   | Place    | Note
-------+----------+-------------------------------------------
     0 | D:1      | Crownlay the Hill Orc Fighter began the quest for the Orb.
     0 | D:1      | Reached XP level 1. HP: 19/19 MP: 1/1
    59 | D:1      | Reached skill level 3 in Axes
    75 | D:1      | Reached XP level 2. HP: 24/26 MP: 2/2
   188 | D:1      | Reached skill level 4 in Axes
   467 | D:1      | Reached XP level 3. HP: 25/31 MP: 3/3
   648 | D:1      | Reached skill level 5 in Axes
   875 | D:2      | Found Xykid's Magic Scroll Emporium.
   883 | D:2      | Bought a scroll of identify for 22 gold pieces
   883 | D:2      | Bought a scroll of teleportation for 33 gold pieces
  1095 | D:2      | Found Sedem Baga's Assorted Antiques.
  1137 | D:2      | Found Aguekh's Distillery.
  1312 | D:2      | Found Xaost's Distillery.
  1580 | D:3      | Found a faded altar of an unknown god.
  1614 | D:3      | Reached XP level 4. HP: 37/39 MP: 4/4
  1628 | D:3      | Reached skill level 6 in Axes
  2160 | D:4      | Found a staircase to the Ecumenical Temple.
  2166 | D:4      | Reached XP level 5. HP: 45/45 MP: 5/5
  2178 | Temple   | Entered the Ecumenical Temple
  2348 | D:4      | Found a sacrificial altar of Ru.
  2348 | D:4      | Found a glowing golden altar of the Shining One.
  2923 | D:5      | Entered Level 5 of the Dungeon
  2956 | D:5      | Reached skill level 7 in Axes
  2979 | D:5      | Reached skill level 8 in Axes
  2979 | D:5      | Reached XP level 6. HP: 36/51 MP: 6/6
  3267 | D:5      | Found a stormy altar of Qazlal.
  3392 | D:5      | Reached skill level 9 in Axes
  3464 | D:5      | Noticed Blork the orc
  3471 | D:5      | Killed Blork the orc
  3472 | D:5      | Reached XP level 7. HP: 54/57 MP: 7/7
  3738 | D:5      | Reached skill level 10 in Axes
  4254 | D:5      | Found a sparkling altar of Nemelex Xobeh.
  4308 | D:5      | Found a basalt altar of Yredelemnul.
  4317 | D:5      | Reached skill level 11 in Axes
  4474 | D:5      | Reached XP level 8. HP: 64/64 MP: 8/8
  4944 | D:6      | Reached skill level 12 in Axes
  5196 | D:6      | Found an ancient bone altar of Kikubaaqudgha.
  5213 | D:6      | Succumbed to poison (dark miasma)

Illustrated notes

Levels and vault maps discovered:
D:1:      lordsloth_arrival_two_stooges, layout_loops_cross
D:2:      layout_loops_ring, serial_shops, shop, shop, nicolae_shop_statue_plus,
          nicolae_shop_crystal
D:3:      layout_rooms, hellmonk_ecumenical_altar_arch_garden
D:4:      layout_loops_ring, mainiacjoe_overflow_large_starburst,
          temple_fountains, glass_columns_a
D:5:      layout_loops_ring, nicolae_qazlal_scattered_showers,
          nemelex_dance_club_becter, lemuel_mausoleum_altar_yredelemnul,
          dk_noncrumbling_3, nrook_mini_backslash, st_stairs_7,
          minmay_hedge_maze, hex_medium, uniq_blork_the_orc
D:6:      layout_basic, nicolae_kikubaaqudgha_miasma_corner,
          mainiacjoe_overflow_24_doors, minivault_25, amcnicky_mini_pool_small,
          minmay_fractal_squares_5
Temple:   nicolae_temple_figure_zero

Skill      XL: |  1  2  3  4  5  6  7  8 |
---------------+-------------------------+-----
Axes           | 3 4 5 6 8 9 11 12 | 12.5
Fighting       | |  3.6
Armour         | |  3.2
Shields        | |  3.2

Action                   |  1- 3 |  4- 6 |  7- 9 || total
-------------------------+-------+-------+-------++-------
Melee: War axe           |    99 |   137 |   108 ||   344
Throw: Dart              |       |     1 |     2 ||     3
  Use: Scroll            |     2 |     1 |       ||     3
Armor: Scale mail        |    51 |    71 |    65 ||   187
Dodge: Dodged            |    62 |    68 |    43 ||   173
